 Dungeon Crawl Stone Soup version 0.17.1-1-g73c8601 (webtiles) character file.

135 NoaPanda the Firebug (level 4, -7/33 HPs)
             Began as a Draconian Fire Elementalist on Jan 4, 2016.
             Mangled by a worm (8 damage)
             ... on level 3 of the Dungeon.
             The game lasted 00:08:55 (2512 turns).

NoaPanda the Firebug (Draconian Fire Elementalist)  Turns: 2512, Time: 00:08:55

Health: -7/33      AC:  5    Str: 10    XL:     4   Next: 96%
Magic:  1/9        EV: 12    Int: 16    God:
Gold:   116        SH:  0    Dex: 12    Spells: 2 memorised, 5 levels left

rFire  . . .     SeeInvis .     e - +0 short sword
rCold  . . .     Clarity  .     (armour unavailable)
rNeg   . . .     SustAt   .     (no shield)
rPois  .         Gourm    .     (helmet restricted)
rElec  .         Spirit   .     (no cloak)
rCorr  .         Warding  .     (no gloves)
rMut   .         Stasis   .     (no boots)
MR     .....                    (no amulet)
Stlth  ++........               (no ring)
                                (no ring)

@: not resistant to hostile enchantments, unstealthy
A: unfitting armour, cold-blooded, AC +5
a: no special abilities


You were on level 3 of the Dungeon.
You were hungry.

You visited 1 branch of the dungeon, and saw 3 of its levels.

You collected 116 gold pieces.

Inventory:

Hand Weapons
 e - a +0 short sword (weapon)
Missiles
 f - a throwing net (quivered)
Scrolls
 c - 2 scrolls of remove curse
 g - 2 scrolls of teleportation
 h - 4 scrolls of identify
Potions
 d - 2 potions of flight
 k - 2 potions of cancellation
Books
 a - a book of Flames

   Spells                             Type                      Level
   a - Flame Tongue                   Conjuration/Fire             1
   b - Throw Flame                    Conjuration/Fire             2
   c - Conjure Flame                  Conjuration/Fire             3
   d - Inner Flame                    Hexes/Fire                   3
   e - Sticky Flame                   Conjuration/Fire             4
   f - Fireball                       Conjuration/Fire             5
Comestibles
 b - 4 bread rations
 i - a meat ration
 l - a slice of pizza


   Skills:
 - Level 1.9 Dodging
 - Level 1.8 Stealth
 * Level 3.3 Spellcasting
 - Level 1.1 Conjurations
 * Level 4.6 Fire Magic


You had 5 spell levels left.
You knew the following spells:

 Your Spells              Type           Power        Failure   Level  Hunger
a - Flame Tongue          Conj/Fire      ##...        8%          1    None
b - Conjure Flame         Conj/Fire      ##......     17%         3    ###....


Dungeon Overview and Level Annotations

Branches:
Dungeon (3/15)

Altars:


Innate Abilities, Weirdness & Mutations

Your plain brown scales are hard (AC +5).
Your body does not fit into most forms of armour.
You are cold-blooded and may be slowed by cold attacks.


Message History

Your magical contamination has completely faded away.
You hit the hound.
The hound is almost dead.
The hound barely misses you. The worm misses you. The hound closely misses you.
You barely miss the hound.
Your tail-slap misses the hound.
The hound is almost dead.
The hound barely misses you. The worm bites you but does no damage.
You miss the hound.
The hound is almost dead.
The hound misses you. The hound barely misses you.
You closely miss the hound.
The hound is almost dead.
The hound barely misses you. The worm bites you!
* * * LOW HITPOINT WARNING * * *
The hound bites you.
* * * LOW HITPOINT WARNING * * *
You closely miss the hound.
Your tail-slap misses the hound.
The hound is almost dead.
The hound barely misses you. The worm bites you!
You die...

### #.. ####### #.#
....... ##.# ....... #...
.......#### #...
.......w@.# #. #...
....$..##h# #. #...
....... #.# # #.#####)#
.....####.###.###.......#
.(.>.....................
.....####.###............
... ##'########...####
... #.........'...'#
#.....#####...##


You could see a worm and a hound.

Vanquished Creatures
  A worker ant (D:3)
  5 adders
  A giant gecko (D:1)
  8 orcs (D:3)
  3 giant cockroaches
  5 goblins
  7 hobgoblins
  4 jackals (D:3)
  8 kobolds
  A quokka (D:2)
  A ball python (D:1)
  8 bats (D:1)
  2 giant newts (D:1)
  6 rats
60 creatures vanquished.

Notes
Turn   | Place    | Note
--------------------------------------------------------------
     0 | D:1      | NoaPanda the Draconian Fire Elementalist began the quest for the Orb.
     0 | D:1      | Reached XP level 1. HP: 14/14 MP: 3/3
   208 | D:1      | Reached XP level 2. HP: 14/20 MP: 0/5
  1013 | D:2      | Reached XP level 3. HP: 26/26 MP: 3/6
  1482 | D:2      | Learned a level 3 spell: Conjure Flame
  1491 | D:2      | Reached skill level 4 in Fire Magic
  1767 | D:3      | Reached XP level 4. HP: 33/33 MP: 4/8
  2511 | D:3      | HP: 1/33 [hound (4)]
  2512 | D:3      | Mangled by a worm

Action                   |  1- 3 |  4- 6 || total
-------------------------+-------+-------++-------
Melee: Short sword       |    18 |    19 ||    37
       Unarmed           |     1 |       ||     1
 Cast: Flame Tongue      |    67 |    42 ||   109
       Conjure Flame     |       |     2 ||     2
  Use: Scroll            |     8 |       ||     8
  Eat: Chunk             |     2 |     2 ||     4
       Pizza             |     1 |       ||     1
